 Dungeon Crawl Stone Soup version 0.17-a0-1115-g0372368 (webtiles) character file.

46 abixa the Chucker (level 3, 0/37 HPs)
             Began as an Ogre Hunter on May 23, 2015.
             Slain by Terence
             ... wielding a +0 short sword
              (5 damage)
             ... on level 2 of the Dungeon.
             The game lasted 00:05:39 (2128 turns).

abixa the Chucker (Ogre Hunter)                     Turns: 2128, Time: 00:05:39

Health: 0/37       AC:  3    Str: 18    XL:     3   Next: 68%
Magic:  3/3        EV: 10    Int: 10    God:
Gold:   90         SH:  0    Dex: 10    Spells: 0 memorised, 2 levels left

rFire  . . .     SeeInvis .     i - -3 club (curse)
rCold  + . .     Clarity  .     d - +0 robe
rNeg   . . .     SustAt   .     (no shield)
rPois  .         Gourm    .     (helmet restricted)
rElec  .         Spirit   .     (no cloak)
rCorr  .         Warding  .     (gloves unavailable)
rMut   .         Stasis   .     (boots unavailable)
MR     .....                    (no amulet)
Stlth  +.........               (no ring)
                                h - ring of protection from cold

@: not resistant to hostile enchantments, very unstealthy
A: unfitting armour, tough skin 1
a: no special abilities


You were on level 2 of the Dungeon.
You were not hungry.

You visited 1 branch of the dungeon, and saw 2 of its levels.

You collected 90 gold pieces.

Inventory:

Hand weapons
 i - a cursed -3 club (weapon)
 j - a +0 club
 o - a +0 hunting sling
 r - a +0 spear
Missiles
 b - 5 large rocks
 c - 2 throwing nets
 g - 24 stones (quivered)
Armour
 d - a +0 robe (worn)
Jewellery
 h - a ring of protection from cold (left hand)
Scrolls
 f - 2 scrolls of remove curse {unknown}
 l - a scroll of teleportation {unknown}
 m - a scroll of identify {unknown}
 n - 2 scrolls of immolation {unknown}
Potions
 a - a potion of degeneration {unknown}
 k - a potion of resistance {unknown}
 p - a potion of agility {unknown}
 q - a potion of curing {unknown}
Comestibles
 e - a bread ration
 s - a chunk of flesh


   Skills:
 + Level 3.5 Fighting
 * Level 5.4 Throwing
 - Level 1.7 Dodging
 - Level 0.7 Stealth


You had 2 spell levels left.
You didn't know any spells.

Dungeon Overview and Level Annotations

Branches:
Dungeon (2/15)

Altars:

Annotations:
D:2 Terence


Innate Abilities, Weirdness & Mutations

You are too large for most types of armour.
You have tough skin (AC +1).


Message History

Press: ? - help, Shift-Dir - straight line, f/p - Terence
Aim: Terence, wielding a short sword and wearing a chain mail (almost dead)
You throw a stone.
The stone hits Terence but does no damage.
Terence is almost dead.
Terence hits you but does no damage.
Throwing (i - inventory. (,) - cycle):
g - 26 stones (quivered)
Press: ? - help, Shift-Dir - straight line, f/p - Terence
Aim: Terence, wielding a short sword and wearing a chain mail (almost dead)
You throw a stone. The stone barely misses Terence.
Terence hits you with a short sword.
* * * LOW HITPOINT WARNING * * *
Throwing (i - inventory. (,) - cycle):
g - 25 stones (quivered)
Press: ? - help, Shift-Dir - straight line, f/p - Terence
Aim: Terence, wielding a short sword and wearing a chain mail (almost dead)
You throw a stone.
The stone hits Terence but does no damage.
Terence is almost dead.
Terence hits you with a short sword.
You die...

#..#
#>##########.#
#..# #.# ##.#
#..#####)#
#...
#........#
#..#
#####.########
#..#
#.......)....
#.[#
#.###.######.
#..# #.#
#.######.#.
...# #.#
#..@((((...
###.# #.#
###@####.#.
#... #.# #(#
#..# #.# .(.
#... #.# .(..
.... #..
.(.... ##.
.....## ##
#.....# #


You could see Terence.

Vanquished Creatures
  An adder (D:2)
  A worm (D:1)
  3 giant geckos (D:1)
  5 hobgoblins
  3 jackals (D:1)
  2 quokkas (D:2)
  A bat (D:1)
  A giant cockroach (D:1)
  2 giant newts (D:1)
  5 goblins
  4 kobolds
  4 rats (D:1)
32 creatures vanquished.

Notes
Turn   | Place    | Note
--------------------------------------------------------------
     0 | D:1      | abixa the Ogre Hunter began the quest for the Orb.
     0 | D:1      | Reached XP level 1. HP: 22/22 MP: 1/1
   138 | D:1      | Reached XP level 2. HP: 21/31 MP: 2/2
   964 | D:1      | Reached skill level 5 in Throwing
  1060 | D:1      | Reached XP level 3. HP: 35/37 MP: 3/3
  2061 | D:2      | Noticed Terence
  2128 | D:2      | Slain by Terence

Vault maps used:
D:1:      lightli_arrival_statuegarden, hangedman_feature_mirror,
          minmay_crystal_water
D:2:      uniq_terence

Action                   || total
-------------------------++-------
Melee: Short sword       ||    39
       Club              ||    56
Throw: Stone             ||   110
 Stab: Sleeping          ||     2
  Eat: Chunk             ||     4
